 Dungeon Crawl Stone Soup version 0.27.1-1-g398f81649c (webtiles) character file.

Game seed: 9031632773301180227

148585 speeev33 the Warrior (level 16, -5/154 HPs)
             Began as a Minotaur Hunter on Sept 17, 2021.
             Was the Champion of Okawaru.
             Slain by a bunyip (22 damage)
             ... on level 4 of the Swamp.
             The game lasted 01:52:15 (37815 turns).

speeev33 the Warrior (Minotaur Hunter)             Turns: 37815, Time: 01:52:15

Health: -5/154     AC: 28    Str: 27    XL:     16   Next: 94%
Magic:  21/21      EV: 12    Int:  8    God:    Okawaru [******]
Gold:   1997       SH: 19    Dex: 17    Spells: 15/15 levels left

rFire    . . .     SeeInvis +   a - +6 fustibalus (venom)
rCold    . . .     Faith    +   H - +2 kite shield {reflect}
rNeg     . . .     Spirit   .   G - +0 plate armour
rPois    .         Reflect  +   Z - +2 hat of the Sea {*Corrode Dex+3 SInv Stlth+}
rElec    .         Harm     .   E - +0 cloak
rCorr    +         Rampage  .   y - +2 pair of gloves {archery}
Will     +....                  D - +0 pair of boots
Stlth    ..........             B - amulet of faith
HPRegen  0.35/turn              j - +6 ring of strength
MPRegen  0.17/turn              Y - ring of resist corrosion

@: heroic, studying Unarmed Combat
A: horns 2, retaliatory headbutt
a: Renounce Religion, Heroism, Finesse


You were on level 4 of the Swamp.
You worshipped Okawaru.
Okawaru was exalted by your worship.
You visited 4 branches of the dungeon, and saw 27 of its levels.

You collected 2545 gold pieces.
You spent 548 gold pieces at shops.

Inventory:

Hand Weapons
 a - a +6 fustibalus of venom (weapon)
 b - the +8 trident of Silly Duty {flame, rElec rPois MP+9 Int-5 Dex+8}
   (You found it on level 6 of the Lair of Beasts)

   It burns those it strikes, dealing additional fire damage.
   Int:       It affects your intelligence (-5).
   Dex:       It affects your dexterity (+8).
   rElec:     It insulates you from electricity.
   rPois:     It protects you from poison.
   MP:        It affects your magic capacity (+9).
 k - a +4 demon trident
Missiles
 d - 46 sling bullets (quivered ammo)
 g - 735 stones
 n - 5 atropa-tipped darts
 q - 2 throwing nets
 C - 3 curare-tipped darts
 I - 15 silver javelins
Armour
 y - a +2 pair of gloves of archery (worn)
 D - a +0 pair of boots (worn)
 E - a +0 cloak (worn)
 G - a +0 plate armour (worn)
 H - a +2 kite shield of reflection (worn)
 Z - the +2 hat of the Sea (worn) {*Corrode Dex+3 SInv Stlth+}
   (Okawaru gifted it to you on level 3 of the Lair of Beasts)

   Dex:       It affects your dexterity (+3).
   SInv:      It lets you see invisible.
   *Corrode:  It may corrode you when you take damage.
   Stlth:     It makes you more stealthy.
Jewellery
 c - an amulet of reflection
 j - a +6 ring of strength (left hand)
 B - an amulet of faith (around neck)
 L - a ring of willpower
 O - a ring of flight
 Y - a ring of resist corrosion (right hand)
Wands
 s - a wand of polymorph (21)
 w - a wand of iceblast (29)
 z - a wand of charming (20)
 M - a wand of acid (2)
 N - a wand of flame (91)
Scrolls
 e - 7 scrolls of amnesia
 p - 7 scrolls of teleportation
 F - 3 scrolls of magic mapping
 J - 4 scrolls of fear
 K - 2 scrolls of holy word
 P - 3 scrolls of enchant armour
 Q - 2 scrolls of torment
 S - 9 scrolls of identify
Potions
 f - 6 potions of might
 i - a potion of invisibility
 l - 6 potions of brilliance
 m - 5 potions of attraction
 o - 8 potions of curing
 r - 2 potions of ambrosia
 t - 3 potions of resistance
 u - 6 potions of mutation
 v - 6 potions of lignification
 x - 2 potions of flight
 R - 2 potions of berserk rage
 T - 7 potions of magic
Miscellaneous
 U - a lightning rod (4/4)
 V - a phantom mirror
 W - a lightning rod (4/4)


   Skills:
 + Level 16.8(21.8) Fighting
 - Level 14.0(19.0) Polearms
 - Level 14.0(19.0) Slings
 + Level 14.7(19.7) Armour
 - Level 2.1(7.1) Dodging
 - Level 0.7(5.7) Stealth
 - Level 15.0(20.0) Shields
 - Level 8.0 Invocations
 - Level 8.1 Evocations


You had 15 spell levels left.
You didn't know any spells.
Your spell library contained the following spells:

 Spells                   Type           Power      Damage    Failure   Level
 Corona                   Hex            0%         N/A       90%         1
 Magic Dart               Conj           0%         1d3       90%         1
 Summon Small Mammal      Summ           0%         N/A       90%         1
 Ensorcelled Hibernation  Hex/Ice        0%         N/A       97%         2
 Searing Ray              Conj           0%         3d3       97%         2
 Slow                     Hex            0%         N/A       97%         2
 Sublimation of Blood     Necr           0%         N/A       97%         2
 Wereblood                Tmut           0%         N/A       97%         2
 Call Canine Familiar     Summ           0%         N/A       99%         3
 Confusing Touch          Hex            0%         N/A       99%         3
 Portal Projectile        Hex/Tloc       0%         N/A       99%         3
 Stone Arrow              Conj/Erth      0%         3d7       99%         3
 Summon Guardian Golem    Hex/Summ       0%         N/A       99%         3
 Tukima's Dance           Hex            0%         N/A       99%         3
 Vampiric Draining        Necr           0%         2d6       99%         3
 Animate Armour           Summ/Erth      0%         N/A       100%        4
 Fulminant Prism          Conj/Hex       0%         3d6       100%        4
 Alistair's Intoxication  Tmut/Pois      0%         N/A       100%        5
 Blade Hands              Tmut           0%         N/A       100%        5
 Borgnjor's Vile Clutch   Necr/Erth      0%         N/A       100%        5
 Excruciating Wounds      Necr           0%         N/A       100%        5
 Fireball                 Conj/Fire      0%         3d3       100%        5
 Iskenderun's Battlesphe  Conj           0%         2d6       100%        5
 Conjure Ball Lightning   Conj/Air       0%         3x3d6     100%        6
 Dispersal                Tloc           0%         N/A       100%        6
 Eringya's Noxious Bog    Tmut/Pois      0%         N/A       100%        6
 Shadow Creatures         Summ           N/A        N/A       100%        6
 Starburst                Conj/Fire      0%         6d3       100%        6
 Malign Gateway           Summ/Tloc      0%         N/A       100%        7
 Orb of Destruction       Conj           0%         N/A       100%        7
 Summon Hydra             Summ           0%         N/A       100%        7
 Disjunction              Tloc           0%         N/A       100%        8
 Ignition                 Fire           0%         3d3       100%        8
 Lehudib's Crystal Spear  Conj/Erth      0%         10d2      100%        8


Dungeon Overview and Level Annotations

Branches:
Dungeon (15/15)            Temple (0/1) D:7            Lair (6/6) D:9
  Swamp (4/4) Lair:4        Snake (0/4) Lair:4        Slime (0/5) Lair:5
    Orc (2/2) D:11            Elf (0/3) Orc:2        Vaults (0/5) D:14
 Depths (0/5) D:15

Altars:
Ashenzari
Elyvilon
Gozag
Nemelex Xobeh
Okawaru
Qazlal
Ru
Sif Muna
Trog
Vehumet
Yredelemnul
Beogh
Jiyva

Shops:
D:9 *   Orc:2 *(!=

Portals:
Trove: D:14 (give horn of Geryon)

Annotations:
D:6 3 runed translucent doors, DemonSlayer's ghost, novice TeBe; bnorton916's ghost, novice DECj; jayjay249's ghost, novice DsTm
D:8 exclusion: downstairs
D:9 nee rffff
D:10 3 runed translucent doors, Captinkiss's ghost, journeyman DjGl
Lair:3 2 transporters
Swamp:4 Lernaean hydra


Innate Abilities, Weirdness & Mutations

You have a pair of horns on your head.
You reflexively headbutt those who attack you in melee.


Message History

The five-headed hydra roars!
An eight-headed hydra comes into view.
The +8 trident of Silly Duty {flame, rElec rPois MP+9 Int-5 Dex+8} stops flaming.
Your +6 fustibalus of venom begins to drip with poison!
a - a +6 fustibalus of venom (weapon)
The eight-headed hydra roars!
Fire: 47 sling bullets
Press: ? - help, Q - select action, (/) - cycle Shift-Dir - straight line, f - five-headed hydra
Aim: a five-headed hydra (water, 88% to hit)
You shoot a sling bullet.
The sling bullet hits the five-headed hydra.
The five-headed hydra is lightly wounded.
You hear a splash.
As you read the scroll of teleportation, it crumbles to dust.
You feel strangely unstable.
You block the five-headed hydra's attack.
The five-headed hydra bites you but does no damage.
The five-headed hydra closely misses you.
The five-headed hydra bites you but does no damage.
You block the five-headed hydra's attack.
Why would you want to do that?
Your surroundings suddenly seem different.
Splash!
A swamp worm, a bunyip and a fenstrider witch come into view.
Found 25 gold pieces.
The fenstrider witch shouts!
The swamp worm fires a harpoon shot at you.
Your +2 kite shield of reflection reflects the harpoon shot!
The harpoon shot hits the swamp worm!
You block the fenstrider witch's attack. x2
The bunyip howls a warning cry!
You block the fenstrider witch's attack.
The fenstrider witch kicks you but does no damage.
The fenstrider witch points at you and mumbles some strange words.
Your body is wracked with pain!
* * * LOW HITPOINT WARNING * * *
The swamp worm fires a harpoon shot at you.
The harpoon shot hits you but does no damage.
The bunyip closely misses you. The bunyip claws you!!
You die...

♣♣ ♣♣≈♣♣♣♣♣ ♣♣♣♣
♣♣≈≈..≈.♣♣.≈.♣
♣.≈≈≈w≈..@.≈≈♣
♣♣≈≈≈..Hx≈..$♣ ♣♣≈..♣♣
♣.≈≈..≈≈≈≈≈≈.♣ ♣♣≈≈≈≈.♣♣
♣.≈≈≈§≈≈.≈≈≈.♣♣♣.≈≈≈≈≈.♣♣
♣≈..§≈≈..≈≈≈≈.≈...≈≈§≈≈.♣♣
♣♣♣♣≈.≈≈.≈≈≈≈.≈.≈≈..≈≈≈)..
♣≈..≈≈≈≈≈≈≈≈.≈≈.≈≈≈≈≈≈.≈
♣≈..§≈≈≈≈≈≈≈≈..≈.≈≈≈≈≈≈≈
♣♣≈≈§≈≈.♣(≈≈≈≈≈..§≈≈≈≈≈.


You could see a bunyip, a fenstrider witch and a swamp worm.

Vanquished Creatures
  Gastronok (D:11)
  A tengu reaver (D:14)
  A fenstrider witch (Swamp:2)
  A stone giant (D:15)
  A dire elephant (Lair:6)
  4 bunyips
  An ettin (Orc:2)
  A yaktaur captain (D:14)
  An eleionoma (Swamp:1)
  A fire dragon (D:14)
  21 hydras
  4 vault guards (D:14)
  Harold (D:7)
  Erolcha (D:9)
  2 ice dragons
  2 boulder beetles
  4 centaur warriors
  A merfolk avatar (Lair:6)
  An ogre mage (D:15)
  2 catoblepae
  2 ghost crabs
  5 alligators
  2 tengu warriors (D:15)
  11 two-headed ogres
  A deep troll earth mage (D:14)
  7 death yaks
  Nergalle (Lair:1)
  9 hell knights (D:13)
  2 bog bodies
  4 spriggan druids
  4 goliath frogs
  4 swamp dragons
  2 flayed ghosts (D:14)
  A death drake (shapeshifter) (D:14)
  A sea snake (Lair:6)
  A phantasmal warrior (D:14)
  2 wizards (D:14)
  A deep elf archer (D:14)
  A necromancer (Lair:3)
  3 deep elf pyromancers
  6 orc knights
  An orc sorcerer (D:14)
  7 ugly things
  3 cyclopes
  6 oklob plants
  A will-o-the-wisp (Swamp:3)
  3 manticores
  2 centaur zombies
  4 elephants
  2 ice statues
  7 black mambas
  Maurice (Orc:1)
  16 cane toads
  10 komodo dragons
  2 unseen horrors
  A gargoyle (D:12)
  A cane toad (shapeshifter) (D:13)
  2 kobold demonologists (D:11)
  A yaktaur (D:14)
  3 rime drakes
  A tengu conjurer (D:14)
  A bloated husk (Swamp:1)
  3 meliai
  8 tyrant leeches
  10 trolls
  3 polar bears
  26 slime creatures (D:12)
  21 dream sheep
  6 hornets
  15 blink frogs
  3 snapping turtles (Lair:6)
  2 wraiths
  5 spriggans
  A shadow (D:10)
  Eustachio (D:4)
  7 basilisks
  4 wyverns
  45 yaks
  A steam dragon (D:7)
  18 swamp worms
  4 nagas (Lair:4)
  4 vampire mosquitoes (D:12)
  7 wargs (Orc:2)
  Duvessa (D:7)
  13 water moccasins
  An acid dragon (D:9)
  7 hell hounds (D:13)
  8 swamp drakes
  44 orc warriors
  6 ice beasts
  2 sky beasts
  A black bear (D:8)
  6 ogres
  A necrophage (D:4)
  9 wolves
  4 boggarts (D:14)
  13 centaurs
  2 phantoms
  6 kobold brigands
  18 bullfrogs
  A wyvern zombie (D:7)
  A scorpion (D:6)
  Dowan (D:7)
  A water moccasin zombie (D:6)
  15 killer bees
  3 water moccasin skeletons
  4 wights (D:7)
  4 howler monkeys
  5 electric eels
  A bullfrog zombie (D:6)
  2 jellies
  Crazy Yiuf (D:6)
  2 gnoll shamans
  11 orc priests
  2 hounds
  A centaur skeleton (D:7)
  2 iguanas
  14 orc wizards
  2 yak simulacra (Lair:3)
  7 hell rats
  2 polar bear simulacra (Lair:3)
  4 wolf simulacra (Lair:3)
  A howler monkey zombie (D:6)
  12 gnolls
  2 howler monkey skeletons
  9 adders
  A river rat (D:9)
  2 shadow imps
  6 white imps (Lair:2)
  An adder skeleton (D:4)
  3 dart slugs
  75 orcs
  6 ball pythons
  9 endoplasms
  A giant cockroach (D:4)
  5 goblins
  4 hobgoblins
  3 jackals (D:1)
  7 quokkas
  9 bats
  2 frilled lizards
  22 kobolds
  3 rats
  3 river rat simulacra (Lair:3)
805 creatures vanquished.

Vanquished Creatures (others)
  An alligator (Swamp:1)
  A bloated husk (Swamp:1)
  A spriggan (Swamp:1)
  A bullfrog (Lair:4)
  An orc wizard (D:5)
  2 foxfires (Swamp:3)
  39 fungi
  109 plants
  4 withered plants (D:6)
159 creatures vanquished.

Grand Total: 964 creatures vanquished

Notes
Turn   | Place    | Note
-------+----------+-------------------------------------------
     0 | D:1      | speeev33 the Minotaur Hunter began the quest for the Orb.
     0 | D:1      | Reached XP level 1. HP: 18/18 MP: 0/0
   120 | D:1      | Found an iron altar of Okawaru.
   126 | D:1      | Became a worshipper of Warmaster Okawaru
   174 | D:1      | Reached XP level 2. HP: 25/25 MP: 1/1
   180 | D:1      | Reached skill level 1 in Armour
   826 | D:2      | Reached skill level 3 in Fighting
   826 | D:2      | Reached skill level 5 in Slings
   826 | D:2      | Reached XP level 3. HP: 16/31 MP: 2/2
  1320 | D:2      | Reached XP level 4. HP: 36/38 MP: 3/3
  1886 | D:2      | Found a faded altar of an unknown god.
  2419 | D:3      | You fall into a shaft and drop 3 floors!
  2427 | D:6      | Noticed a scorpion
  2433 | D:6      | Killed a scorpion
  2434 | D:6      | Reached XP level 5. HP: 33/46 MP: 4/4
  2457 | D:6      | Reached * piety under Okawaru
  2458 | D:6      | Reached skill level 4 in Fighting
  2500 | D:6      | Noticed a sky beast
  2511 | D:6      | Killed a sky beast
  2512 | D:6      | Reached XP level 6. HP: 37/53 MP: 2/5
  2634 | D:6      | Noticed an ice beast
  2640 | D:6      | Killed an ice beast
  2671 | D:6      | Noticed a fire elemental
  2674 | D:6      | Found a stormy altar of Qazlal.
  2676 | D:6      | Noticed an air elemental
  2676 | D:6      | Noticed a water elemental
  2680 | D:6      | Noticed a water moccasin
  2694 | D:5      | Entered Level 5 of the Dungeon
  2703 | D:5      | Killed a water moccasin
  2704 | D:5      | Reached skill level 5 in Fighting
  2704 | D:5      | Reached XP level 7. HP: 14/61 MP: 3/6
  2972 | D:5      | Reached ** piety under Okawaru
  3474 | D:4      | Found a sparkling altar of Nemelex Xobeh.
  3541 | D:4      | Reached skill level 5 in Armour
  3664 | D:4      | Noticed Eustachio
  3684 | D:4      | Killed Eustachio
  3685 | D:4      | Reached skill level 6 in Fighting
  3685 | D:4      | Reached XP level 8. HP: 53/70 MP: 4/7
  4039 | D:3      | Found a shimmering blue altar of Sif Muna.
  4371 | D:3      | Found a white marble altar of Elyvilon.
  4935 | D:5      | Reached skill level 1 in Invocations
  5506 | D:6      | Found a runed translucent gate.
  5511 | D:6      | Found a runed translucent gate.
  5511 | D:6      | Found a runed translucent gate.
  5537 | D:6      | Reached *** piety under Okawaru
  5538 | D:6      | Reached skill level 7 in Fighting
  5776 | D:6      | Noticed jayjay249's ghost (novice DsTm)
  5776 | D:6      | Noticed bnorton916's ghost (novice DECj)
  5776 | D:6      | Noticed DemonSlayer's ghost (novice TeBe)
  5809 | D:6      | Reached XP level 9. HP: 67/79 MP: 9/9
  5927 | D:6      | Reached skill level 10 in Slings
  6342 | D:6      | Found a runed translucent door.
  6343 | D:6      | Noticed Crazy Yiuf
  6746 | D:6      | Killed Crazy Yiuf
  6873 | D:7      | Found an iron altar of Okawaru.
  6980 | D:7      | Noticed Harold
  6999 | D:7      | Killed Harold
  7000 | D:7      | Reached skill level 8 in Fighting
  7051 | D:7      | Noticed Dowan
  7052 | D:7      | Noticed Duvessa
  7063 | D:7      | Killed Duvessa
  7068 | D:7      | Killed Dowan
  7078 | D:7      | Reached **** piety under Okawaru
  7419 | D:7      | Reached XP level 10. HP: 79/90 MP: 12/12
  7555 | D:7      | Found a staircase to the Ecumenical Temple.
  8623 | D:8      | Reached skill level 9 in Fighting
  8666 | D:8      | Found a basalt altar of Yredelemnul.
  8965 | D:8      | Reached ***** piety under Okawaru
  8978 | D:8      | Reached skill level 5 in Invocations
  9143 | D:8      | Received a gift from Okawaru
  9812 | D:8      | Noticed a three-headed hydra
  9834 | D:8      | Killed a three-headed hydra
  9834 | D:8      | Received a gift from Okawaru
 10046 | D:9      | Noticed a death yak
 10056 | D:9      | Noticed a death yak
 10056 | D:9      | Noticed a death yak
 10186 | D:9      | Found a bloodstained altar of Trog.
 10234 | D:9      | Found Toqisoc's General Store.
 10301 | D:9      | Reached skill level 10 in Fighting
 10398 | D:9      | Noticed Erolcha
 10451 | D:9      | Killed Erolcha
 10451 | D:9      | Received a gift from Okawaru
 10452 | D:9      | Reached skill level 10 in Armour
 10452 | D:9      | Reached XP level 11. HP: 67/100 MP: 11/14
 10613 | D:9      | Found a staircase to the Lair.
 10621 | D:9      | Found an opulent altar of Gozag.
 10726 | D:9      | Found a broken altar of Ashenzari.
 10814 | D:8      | Killed a death yak
 11115 | D:8      | Killed a death yak
 11367 | D:9      | Killed a death yak
 11750 | D:10     | Entered Level 10 of the Dungeon
 11750 | D:10     | Noticed a two-headed ogre
 11760 | D:10     | Killed a two-headed ogre
 11761 | D:10     | Reached skill level 1 in Evocations
 11856 | D:10     | Found a radiant altar of Vehumet.
 12017 | D:10     | Reached skill level 11 in Fighting
 12295 | D:10     | Noticed Captinkiss's ghost (journeyman DjGl)
 12300 | D:10     | Found a runed translucent gate.
 12300 | D:10     | Found a runed translucent gate.
 12300 | D:10     | Found a runed translucent gate.
 12300 | D:10     | Noticed a great orb of eyes
 12972 | Lair:1   | Entered Level 1 of the Lair of Beasts
 13828 | Lair:1   | Received a gift from Okawaru
 14037 | Lair:1   | Noticed Nergalle
 14053 | Lair:1   | Killed Nergalle
 15102 | Lair:2   | Received a gift from Okawaru
 15103 | Lair:2   | Reached XP level 12. HP: 76/112 MP: 17/17
 15246 | Lair:2   | Noticed a seven-headed hydra
 15261 | Lair:2   | Killed a seven-headed hydra
 15373 | Lair:2   | Reached skill level 12 in Fighting
 16049 | Lair:2   | Identified the ring of Anarchy {Will+ EV+4 Int+3 Slay-6}
 16087 | Lair:2   | Noticed an ice dragon
 16102 | Lair:2   | Killed an ice dragon
 16212 | Lair:2   | Received a gift from Okawaru
 16228 | Lair:2   | Noticed a six-headed hydra
 16236 | Lair:2   | Killed a six-headed hydra
 16236 | Lair:2   | Received a gift from Okawaru
 16237 | Lair:2   | Reached skill level 5 in Evocations
 16786 | Lair:3   | Noticed a four-headed hydra
 16790 | Lair:3   | Killed a four-headed hydra
 16793 | Lair:3   | Noticed a catoblepas
 16802 | Lair:3   | Killed a catoblepas
 16802 | Lair:3   | Received a gift from Okawaru
 16979 | Lair:3   | Found a transporter.
 17011 | Lair:3   | Found a transporter.
 17056 | Lair:3   | Reached skill level 13 in Fighting
 17065 | Lair:3   | Reached ****** piety under Okawaru
 17303 | Lair:3   | Reached XP level 13. HP: 105/122 MP: 18/18
 17611 | Lair:3   | Identified the +2 hat of the Sea {*Corrode Dex+3 SInv
                  | Stlth+} (Okawaru gifted it to you on level 3 of the Lair of
                  | Beasts)
 17611 | Lair:3   | Received a gift from Okawaru
 18750 | Lair:4   | Found a staircase to the Swamp.
 19469 | Lair:4   | Found a staircase to the Snake Pit.
 19924 | Lair:4   | Reached skill level 14 in Fighting
 20161 | Lair:4   | Received a gift from Okawaru
 21075 | Lair:5   | Found a staircase to the Slime Pits.
 21075 | Lair:5   | Found a viscous altar of Jiyva.
 21547 | Lair:6   | Entered Level 6 of the Lair of Beasts
 21562 | Lair:5   | Reached skill level 1 in Shields
 22055 | Lair:5   | Received a gift from Okawaru
 22403 | Lair:6   | Reached XP level 14. HP: 133/133 MP: 19/19
 22519 | Lair:6   | Received a gift from Okawaru
 22660 | Lair:6   | Reached skill level 5 in Shields
 22927 | Lair:6   | Reached skill level 15 in Fighting
 23229 | Lair:6   | Received a gift from Okawaru
 24066 | Lair:6   | Identified the +8 trident of Silly Duty {flame, rElec rPois
                  | MP+9 Int-5 Dex+8}
 24183 | Lair:6   | Reached skill level 1 in Polearms
 24686 | D:11     | Noticed Gastronok
 24697 | D:11     | Killed Gastronok
 25317 | D:11     | Found a staircase to the Orcish Mines.
 25330 | D:11     | Reached skill level 5 in Polearms
 25616 | Orc:1    | Entered Level 1 of the Orcish Mines
 25650 | Orc:1    | Noticed Maurice
 25657 | Orc:1    | Killed Maurice
 25657 | Orc:1    | Received a gift from Okawaru
 25780 | Orc:1    | Reached skill level 10 in Shields
 26188 | Orc:2    | Entered Level 2 of the Orcish Mines
 26274 | Orc:2    | Received a gift from Okawaru
 26613 | Orc:2    | Found Anlu's Antique Weapon Shoppe.
 26613 | Orc:2    | Found Gicwiom's Assorted Antiques.
 26627 | Orc:2    | Bought a scroll labelled SUUDGH YBEK for 33 gold pieces
 26669 | Orc:2    | Bought a scroll of magic mapping for 115 gold pieces
 26839 | Orc:2    | Found a staircase to the Elven Halls.
 27180 | Orc:2    | Found Heunedapn's Jewellery Shoppe.
 27180 | Orc:2    | Found Uhet's Distillery.
 27204 | Orc:2    | Bought a ring of willpower for 400 gold pieces
 27555 | D:12     | Reached XP level 15. HP: 141/141 MP: 20/20
 28014 | D:12     | Received a gift from Okawaru
 28310 | D:12     | Received a gift from Okawaru
 29389 | D:13     | Reached skill level 10 in Polearms
 29422 | D:13     | Received a gift from Okawaru
 29952 | D:14     | Received a gift from Okawaru
 30007 | D:14     | Noticed a tengu reaver
 30041 | D:14     | Noticed a sphinx
 30054 | D:14     | Killed a tengu reaver
 31106 | D:14     | Got the Compendium of the Earth
 31553 | D:14     | Found a gate to the Vaults.
 31569 | D:14     | Received a gift from Okawaru
 31736 | D:14     | Found a portal to a secret trove of treasure.
 31781 | D:15     | Entered Level 15 of the Dungeon
 31821 | D:15     | Reached XP level 16. HP: 149/149 MP: 21/21
 31850 | D:15     | HP: 7/149 [meliai/divine providence (10)]
 32260 | D:14     | Received a gift from Okawaru
 32669 | D:15     | Identified the +10 dagger "Onusuic Loj" {vorpal, MP+9}
 32842 | D:15     | Identified the +3 trident "Warisysi" {protect, rElec rC-
                  | Stlth+} (Okawaru gifted it to you on level 15 of the
                  | Dungeon)
 32842 | D:15     | Received a gift from Okawaru
 33170 | D:15     | Found a staircase to the Depths.
 33761 | Swamp:1  | Entered Level 1 of the Swamp
 33879 | Swamp:1  | Reached skill level 15 in Shields
 33977 | Swamp:1  | Identified the +0 hat of Isuthrowk {Will- Int+2 SInv}
                  | (Okawaru gifted it to you on level 1 of the Swamp)
 33977 | Swamp:1  | Received a gift from Okawaru
 34838 | Swamp:1  | Found a sacrificial altar of Ru.
 35516 | Swamp:2  | Reached skill level 16 in Fighting
 36218 | Swamp:3  | Received a gift from Okawaru
 37015 | Swamp:4  | Entered Level 4 of the Swamp
 37789 | Swamp:4  | Identified the +3 scale mail of Jomauhau {Fly rPois Slay+2
                  | Stlth+} (Okawaru gifted it to you on level 4 of the Swamp)
 37789 | Swamp:4  | Received a gift from Okawaru
 37791 | Swamp:4  | Noticed the 27-headed Lernaean hydra
 37815 | Swamp:4  | Slain by a bunyip

Illustrated notes

Levels and vault maps discovered:
D:1:      amcnicky_arrival_flooded_fountain, layout_loops_ring,
          kennysheep_flooded_box, patterned_corridor
D:2:      layout_basic, ebering_ecumenical_altar_webs,
          minmay_misc_feat_secret_circle, minmay_pentomino_w2
D:3:      layout_rooms, mainiacjoe_overflow_brackets,
          mainiacjoe_overflow_alcove_2, kennysheep_generic_room_11
D:4:      layout_rooms, amcnicky_altar_gilded, minmay_box_of_dots,
          uniq_eustachio
D:5:      layout_loops_ring, minmay_strange_pillars,
          minmay_a_box_with_orc_wizards_in_it
D:6:      layout_basic, nicolae_qazlal_style_of_elements,
          gammafunk_ghost_cemetery, centaur_isle, uniq_crazy_yiuf_cottage
D:7:      layout_loops_corners, okawaru_metal_pillars_3,
          minmay_temple_entry_junction_2, uniq_duvessa, uniq_harold
D:8:      black_bear_nest_2, layout_loops_corners, lemuel_round_altar,
          hangedman_ranch
D:9:      lemuel_flame_loot_2, layout_cave_pools,
          mainiacjoe_overflow_cross_hatched, kennysheep_little_box,
          mainiacjoe_overflow_small_starburst, dpeg_lair_monsters, serial_shops,
          nicolae_shop_window_shopping, uniq_erolcha
D:10:     layout_irregular_city, mainiacjoe_overflow_surrounded_room,
          gammafunk_ghost_split
D:11:     layout_grid_maze, david_orc_2, uniq_gastronok
D:12:     layout_basic
D:13:     layout_roguey, minivault_16, minmay_rotating_lava
D:14:     minmay_box_of_curves, layout_rooms, grunt_vaults_entry_fortified,
          enter_trove_3, hangedman_abyss_or_decor_stagger
D:15:     grunt_enter_depths_snipers, layout_cross
Lair:1:   layout_gridlike, grunt_megastairs_3, lemuel_fruit_fields,
          uniq_nergalle
Lair:2:   layout_regular_city, gauntlet_entry_generic, ice2_lemuel,
          lemuel_fruit_fields
Lair:3:   gammafunk_cloud_chamber, layout_loops_ring, serial_bayou_pond_b,
          eino_house_with_fridge, minmay_lair_oklob_chamber,
          serial_bayou_shore_b, grunt_megastairs_4, infiniplex_staircase_pool_2
Lair:4:   dpeg_oklob_gauntlet, layout_loops_ring, skrybe_swamp_entry_bodies,
          minmay_snake_entry_guardpost_medium, serial_bayou_shore_a
Lair:5:   layout_long_grid, slime_altar_1, nicolae_lair_yak_garden,
          grunt_megastairs_1
Lair:6:   gammafunk_lair_ancient_temple, layout_cellular_growth
Swamp:1:  layout_falls_marsh, evilmike_swamp_ruin_rubble_2, swamp_pool1,
          nicolae_swamp_godswood
Swamp:2:  layout_basic_swamp, nicolae_swamp_ascending_descending, swamp_pool4
Swamp:3:  layout_basic_swamp, hangedman_swamp_blocks, infiniplex_staircase_pool
Swamp:4:  swamp_old_school, layout_basic_swamp, swamp_pool5
Orc:1:    layout_caves, uniq_maurice
Orc:2:    st_orc_town, layout_diamond_mine

Skill      XL: |  1  2  3  4  5  6  7  8  9 10 11 12 13 14 15 16 |
---------------+-------------------------------------------------+-----
Armour         | 1 2 3 4 5 6 8 10 11 12 13 14 | 14.7
Fighting       | 3 4 5 6 7 8 10 11 13 14 15 16 | 16.8
Slings         | 5 6 7 8 9 11 12 13 14 | 14.0
Invocations    | 2 4 6 8 |  8.0
Evocations     | 4 6 8 |  8.1
Shields        | 3 11 14 15 | 15.0
Polearms       | 7 12 14 | 14.0
Dodging        | |  2.1
Stealth        | |  0.7

Action                   |  1- 3 |  4- 6 |  7- 9 | 10-12 | 13-15 | 16-18 || total
-------------------------+-------+-------+-------+-------+-------+-------++-------
Melee: Short sword       |     1 |       |       |       |       |       ||     1
       Spear             |       |       |     6 |    38 |       |       ||    44
       Headbutt          |       |       |     3 |    11 |       |    32 ||    46
       Hunting sling     |       |       |       |     2 |       |       ||     2
       Punch             |       |       |       |     1 |       |       ||     1
       Trident           |       |       |       |       |       |    98 ||    98
 Fire: Hunting sling     |    83 |    95 |   359 |   583 |       |       ||  1120
       Fustibalus        |       |       |       |   268 |  1438 |   421 ||  2127
Throw: Throwing net      |       |       |     2 |       |       |       ||     2
       Javelin           |       |       |       |       |       |    11 ||    11
       Stone             |       |       |       |       |       |     2 ||     2
Invok: Heroism           |       |     2 |     7 |    15 |    13 |     2 ||    39
       Finesse           |       |       |       |     6 |     5 |       ||    11
Evoke: Wand              |       |       |       |       |       |     2 ||     2
  Use: Scroll            |     3 |     1 |    12 |     7 |    15 |     3 ||    41
       Potion            |       |     1 |     1 |     2 |     6 |    10 ||    20
 Stab: Confused          |       |       |       |       |       |     1 ||     1
       Invisible         |       |       |       |       |       |     1 ||     1
Armor: Leather armour    |     5 |       |       |       |       |       ||     5
       Ring mail         |     3 |     6 |       |       |       |       ||     9
       Scale mail        |       |    14 |    28 |       |       |       ||    42
       Chain mail        |       |       |    28 |     7 |       |       ||    35
       Plate armour      |       |       |       |   285 |   192 |   162 ||   639
Dodge: Dodged            |     8 |    13 |    68 |   135 |   100 |    94 ||   418
Block: Kite shield       |       |       |       |       |   189 |   247 ||   436
       Reflection        |       |       |       |       |    18 |    24 ||    42
